 Dungeon Crawl Stone Soup version 0.31-a0-365-gcf821cafb2 (webtiles) character file.

Game seed: 4650894200440950590

266 hashsling the Cudgeller (level 6, -2/39 HPs)
             Began as a Gargoyle Fighter on July 27, 2023.
             Slain by a gnoll
             ... wielding a +0 halberd
              (9 damage)
             ... on level 4 of the Dungeon.
             The game lasted 00:09:31 (2940 turns).

hashsling the Cudgeller (Gargoyle Fighter)          Turns: 2940, Time: 00:09:32

Health: -2/39      AC: 18    Str: 21    XL:     6   Next: 20%
Magic:  6/6        EV:  8    Int:  9    God:
Gold:   238        SH:  4    Dex:  9    Spells: 5/5 levels left

rFire   . . .        a - +0 flail
rCold   . . .        c - +0 buckler
rNeg    + . .        q - +0 chain mail
rPois   ∞            k - +0 helmet
rElec   +            E - +0 cloak
rCorr   +            w - +0 pair of gloves
SInv    .            F - +0 pair of boots
Will    .....        (no amulet) Stlth
                     j - ring of resist corrosion
HPRegen 0.26/turn    (no ring)
MPRegen 0.10/turn

%: no passive effects
@: mighty, about to teleport
A: sickness immunity, AC +4, negative energy resistance 1, electricity
resistance, torment resistance 1, petrification resistance
a: no special abilities


You were on level 4 of the Dungeon.
You visited 1 branch of the dungeon, and saw 4 of its levels.

You collected 238 gold pieces.

Inventory:

Hand Weapons
 a - a +0 flail (weapon)
 e - a +0 whip
Missiles
 h - 3 atropa-tipped darts
 o - 2 poisoned darts (quivered)
 x - a throwing net
 C - 6 boomerangs
Armour
 b - a +0 scale mail
 c - a +0 buckler (worn)
 k - a +0 helmet (worn)
 q - a +0 chain mail (worn)
 w - a +0 pair of gloves (worn)
 E - a +0 cloak (worn)
 F - a +0 pair of boots (worn)
Jewellery
 j - a ring of resist corrosion (left hand)
Scrolls
 f - 2 scrolls of immolation {unknown}
 i - 2 scrolls of blinking {unknown}
 l - 2 scrolls of teleportation
 m - 2 scrolls of revelation {unknown}
 t - a scroll of enchant weapon {unknown}
 v - 2 scrolls of vulnerability {unknown}
 y - a scroll of identify {unknown}
 D - a scroll of brand weapon {unknown}
 G - a scroll of amnesia {unknown}
Potions
 d - 2 potions of might
 g - 2 potions of curing
 n - a potion of heal wounds {unknown}
 p - 2 potions of enlightenment {unknown}
 r - a potion of mutation {unknown}
 s - 2 potions of cancellation {unknown}
 u - a potion of berserk rage {unknown}
 z - 2 potions of brilliance {unknown}
 A - a potion of ambrosia {unknown}
 B - a potion of lignification {unknown}


   Skills:
 + Level 4.3 Fighting
 * Level 4.9 Maces & Flails
 - Level 4.0 Armour
 - Level 4.0 Shields


You had 5 spell levels left.
You didn't know any spells.
Your spell library contained the following spells:

 Spells                   Type           Power      Damage    Failure   Level
 Summon Small Mammal      Summ           0%         N/A       98%         1
 Poisonous Vapours        Pois/Air       0%         N/A       99%         2
 Call Canine Familiar     Summ           0%         N/A       100%        3
 Mephitic Cloud           Conj/Pois/Air  0%         N/A       100%        3
 Portal Projectile        Hex/Tloc       0%         N/A       100%        3
 Summon Guardian Golem    Hex/Summ       0%         N/A       100%        3
 Leda's Liquefaction      Hex/Erth       0%         N/A       100%        4
 Freezing Cloud           Conj/Ice/Air   0%         6-21      100%        5


Dungeon Overview and Level Annotations

Branches:
Dungeon (4/15)
 Temple: D:4-7

Altars:
Hepliaklqana

Shops:
D:1 :

Annotations:
D:4 Pikel


Innate Abilities, Weirdness & Mutations

You are immune to sickness and miasma.
Your stone body is resilient. (AC +4)
You are immune to poison.
You resist negative energy. (rN+)
You are resistant to electric shocks. (rElec)
You are resistant to unholy torment.
You are immune to petrification.


Message History

The gnoll shouts! x2
You block the gnoll's attack. x2
The gnoll hits you from afar with a +0 halberd.
You hit the gnoll.
The gnoll is severely wounded.
The gnoll closely misses you. The gnoll hits you but does no damage.
The gnoll hits you from afar with a +0 halberd.
You sock the gnoll!
You kill the gnoll!
The gnoll hits you from afar with a +0 spear.
The gnoll hits you with a +0 spear. The gnoll hits you but does no damage.
You thump the gnoll!
You kill the gnoll!
The gnoll hits you but does no damage. You block the gnoll's attack.
The gnoll looks more healthy.
The gnoll hits you but does no damage. You block the gnoll's attack.
You sock the gnoll!
You kill the gnoll!
The gnoll misses you. The adder bites you but does no damage.
The gnoll hits you but does no damage.
The gnoll hits you from afar with a +0 halberd!
You barely miss the gnoll. The adder bites you but does no damage.
The gnoll hits you but does no damage. The gnoll barely misses you.
You block the adder's attack.
You barely miss the gnoll. The adder bites you but does no damage.
The gnoll hits you but does no damage. The gnoll closely misses you.
You closely miss the gnoll. The adder bites you but does no damage.
The gnoll hits you with a +0 flail. The gnoll barely misses you.
The adder bites you.
You closely miss the gnoll. The gnoll hits you with a +0 flail.
* * * LOW HITPOINT WARNING * * *
The adder barely misses you.
The gnoll hits you but does no damage. x2
The adder bites you.
* * * LOW HITPOINT WARNING * * *
The gnoll hits you but does no damage.
As you read the scroll of teleportation, it crumbles to dust.
You feel strangely unstable. The adder bites you but does no damage.
You block the gnoll's attack.
The gnoll hits you from afar with a +0 halberd!
You die...

#..####..### ##.
#.........###..
#####.....####.....
. ..........##
##.... ..
.##...##..# ##...
#.. #### #..# #...
.... #..# #...
..... ######..#
#...
#.g...####@......#
###...
#.((SSg......#
#.....
#..#..gg))....##
#..... #
#.........##
##..... #[.######.#
#..##.. #.## #.#
##.####. #. #.#
###.## ##. ##
#.###..## #..
#..#..## ##.#


You could see 3 gnolls, an adder and a ball python.

Vanquished Creatures
  A lemure (D:3)
  2 iguanas (D:4)
  7 gnolls
  7 adders
  2 worms
  3 dart slugs (D:2)
  2 orcs (D:3)
  3 bats
  10 endoplasms
  2 giant cockroaches
  3 goblins (D:1)
  8 hobgoblins
  4 jackals (D:2)
  5 quokkas
  2 ball pythons
  2 frilled lizards
  7 kobolds
  5 rats
  A spectral kobold (D:3)
76 creatures vanquished.

Notes
Turn   | Place    | Note
-------+----------+-------------------------------------------
     0 | D:1      | hashsling the Gargoyle Fighter began the quest for the Orb.
     0 | D:1      | Reached XP level 1. HP: 14/14 MP: 1/1
   230 | D:1      | Reached XP level 2. HP: 14/19 MP: 2/2
   250 | D:1      | You fall into a shaft and drop 1 floor!
   346 | D:2      | Reached XP level 3. HP: 23/23 MP: 3/3
   580 | D:1      | Found Hameggoo's Book Shop.
   944 | D:2      | Reached XP level 4. HP: 29/29 MP: 4/4
  1399 | D:3      | Found a faded altar of an unknown god.
  1542 | D:3      | Reached XP level 5. HP: 33/33 MP: 5/5
  1916 | D:3      | Found a hazy altar of Hepliaklqana.
  2287 | D:4      | Noticed a lemure
  2287 | D:4      | Noticed a lemure
  2287 | D:4      | Noticed a lemure
  2289 | D:4      | Noticed Pikel
  2541 | D:4      | Reached XP level 6. HP: 23/38 MP: 6/6
  2940 | D:4      | Slain by a gnoll

Illustrated notes

Levels and vault maps discovered:
D:1:      amcnicky_arrival_single_pillar, layout_loops_cross, serial_shops, shop
D:2:      layout_basic, nicolae_half_adder
D:3:      layout_loops_ring, nicolae_hepliaklqana_hazy_memory,
          dreamdust_ecumenical_altar_drowned_temple, supply_closet_lemuel
D:4:      layout_layer_cave, nemelex_spade_bored_becter, kennysheep_little_box,
          uniq_pikel

Skill      XL: |  1  2  3  4  5 |
---------------+----------------+-----
Maces & Flails | 3 4 |  4.9
Armour         | 4 |  4.0
Fighting       | 4 |  4.3
Shields        | 4 |  4.0

Action                     |  1- 3 |  4- 6 || total
---------------------------+-------+-------++-------
  Melee: Whip              |   163 |   159 ||   322
         Flail             |     3 |    77 ||    80
  Throw: Dart              |       |     4 ||     4
    Use: Scroll            |       |     2 ||     2
         Potion            |       |     2 ||     2
 Armour: Scale mail        |    72 |       ||    72
         Chain mail        |    11 |   125 ||   136
  Dodge: Dodged            |    73 |    69 ||   142
  Block: Buckler           |    34 |    59 ||    93

Table legend: (Time is in decaauts)
 A = Elapsed time spent in this place.
 B = Non-inter-level travel time spent in this place.
 C = Inter-level travel time spent in this place.
 D = Time resting spent in this place.
 E = Time spent auto-exploring this place.
 F = Levels seen in this place.
 G = Mean time per level.
                   A        B        C        D        E       F      G
               +--------+--------+--------+--------+--------+-----+--------+
         Total |   2958 |   2860 |     98 |      0 |   1967 |   4 |  739.5 |
       Dungeon |   2958 |   2860 |     98 |      0 |   1967 |   4 |  739.5 |
               +--------+--------+--------+--------+--------+-----+--------+

Top non-repeatable levels by time:
     D:3: 1072 daAuts
     D:2: 695 daAuts
     D:1: 688 daAuts
     D:4: 501 daAuts
